AoeStats
← _vishi_
◆

Rage Forest 2026

502226532Analyzed
4v4 RM · 1mo ago on Aug 26, 2026· 40m 12s· 8 players
Game mode
Random Map
Map size
Large (8 player)
Population
200
Speed
Normal
Resources
Standard
Victory
Conquest
Starting age
Dark Age
Ending age
Dark Age
RankedLock teamsTeams togetherTeam positionsShared explorationLock speedFull tech treeHidden civsTurbo modeCheats
Victory
Defeat
🇹🇼 Poles · Taiwan
1480
+10
🇨🇿 Teutons · Czechia
1455
+11
🇰🇷 Khmer · South Korea
1371
+15
🇵🇱 Franks · Poland
1360
+15
🇪🇬 Magyars · Egypt
1457
-18
🇮🇳 Malians · India
1324
-12
🇩🇪 Cumans · Germany
1298
-11
🇳🇴 Celts · Norway
1288
-10
Horagalles
1:06 Loom
10:27 Feudal Age
11:18 Double-Bit Axe
12:38 Fletching
15:41 Horse Collar
21:59 Castle Age
21:05 Stone Mining
21:37 Man-at-Arms
22:21 Scale Mail Armor
22:32 Forging
23:02 Bow Saw
23:00 Heavy Plow
22:37 Long Swordsman
30:45 Chain Mail Armor
31:10 Iron Casting
36:54 Fortified Wall
orangefaser
0:38 Loom
11:57 Feudal Age
12:26 Double-Bit Axe
13:02 Horse Collar
19:21 Castle Age
18:36 Wheelbarrow
19:25 Gold Mining
20:35 Bow Saw
22:09 Stone Mining
24:17 Gold Shaft Mining
24:41 Hand Cart
31:29 Imperial Age
29:28 Scale Barding Armor
29:34 Forging
30:03 Bloodlines
29:13 Light Cavalry
31:15 Chain Barding Armor
31:22 Fletching
31:41 Cavalier
33:02 Plate Barding Armor
34:02 Conscription
34:39 Iron Casting
37:01 Chemistry
36:10 Paladin
40:58 Blast Furnace
_vishi_
10:40 Feudal Age
12:28 Wheelbarrow
14:56 Castle Age
13:12 Double-Bit Axe
13:11 Horse Collar
16:14 Bow Saw
16:15 Heavy Plow
25:28 Loom
28:38 Imperial Age
26:36 Forging
26:26 Scale Mail Armor
25:58 Man-at-Arms
27:26 Arson
27:02 Long Swordsman
27:45 Squires
28:39 Iron Casting
28:21 Chain Mail Armor
28:19 Gold Mining
28:19 Stone Mining
29:37 Hand Cart
28:44 Two-Handed Swordsman
28:45 Pikeman
30:21 Champion
31:33 Plate Mail Armor
31:19 Onager
32:55 Gold Shaft Mining
32:28 Town Watch
33:20 Crop Rotation
33:28 Conscription
36:13 Chemistry
35:35 Ballistics
36:24 Siege Onager
Kn0wn
2:03 Loom
16:14 Feudal Age
20:38 Castle Age
19:27 Double-Bit Axe
21:15 Scale Barding Armor
23:18 Chain Barding Armor
22:59 Husbandry
23:10 Bloodlines
23:05 Husbandry
29:04 Bow Saw
28:35 Horse Collar
31:54 Wheelbarrow
34:09 Hand Cart
38:28 Imperial Age
36:41 Fletching
36:51 Padded Archer Armor
37:34 Ballistics
36:54 Treadmill Crane
jaszkowska.aleksandra
11:39 Feudal Age
11:38 Loom
16:02 Castle Age
14:46 Double-Bit Axe
17:18 Bow Saw
21:40 Wheelbarrow
23:34 Forging
23:47 Hand Cart
23:28 Pikeman
24:55 Squires
26:41 Iron Casting
26:37 Gold Mining
27:12 Stone Mining
29:57 Gold Shaft Mining
29:30 Scale Barding Armor
32:09 Imperial Age
30:51 Husbandry
31:15 Caravan
32:13 Chain Barding Armor
32:11 Cavalier
33:45 Plate Barding Armor
34:22 Chemistry
33:57 Paladin
36:13 Blast Furnace
36:00 Conscription
36:46 Siege Engineers
38:24 Fletching
40:17 Chivalry
39:43 Elite Throwing Axeman
aaahfef
1:20 Loom
5:09 Loom
12:05 Feudal Age
12:36 Town Watch
16:40 Castle Age
14:53 Double-Bit Axe
16:09 Horse Collar
17:44 Bow Saw
19:33 Heavy Plow
22:45 Gold Mining
25:55 Wheelbarrow
25:52 Stone Mining
30:02 Imperial Age
28:14 Scale Barding Armor
28:32 Bloodlines
28:49 Hand Cart
29:29 Chain Barding Armor
29:56 Scale Mail Armor
30:47 Forging
30:53 Chain Mail Armor
30:00 Pikeman
30:40 Squires
30:09 Onager
30:41 Halberdier
33:30 Plate Mail Armor
34:08 Two-Man Saw
34:12 Siege Onager
35:54 Chemistry
35:06 Town Patrol
36:09 Iron Casting
35:56 Fletching
40:40 Coinage
Mr.J
0:54 Loom
10:59 Feudal Age
15:55 Horse Collar
19:55 Castle Age
18:11 Double-Bit Axe
21:00 Bow Saw
23:44 Heavy Plow
29:34 Gold Mining
30:16 Stone Mining
31:02 Gold Shaft Mining
31:04 Wheelbarrow
30:16 Town Watch
34:14 Imperial Age
32:43 Hand Cart
33:36 Scale Barding Armor
33:53 Ballistics
34:22 Fletching
34:29 Murder Holes
34:26 Elite Ballista Elephant
35:33 Double Crossbow
36:35 Chain Barding Armor
36:27 Bloodlines
36:18 Husbandry
39:31 Conscription
39:18 Bodkin Arrow
40:25 Chemistry
40:59 Plate Barding Armor
40:38 Caravan
chiu_sharon
0:46 Loom
10:27 Feudal Age
19:14 Castle Age
17:42 Double-Bit Axe
18:16 Horse Collar
27:00 Wheelbarrow
28:26 Bow Saw
32:05 Imperial Age
31:46 Heavy Plow
31:55 Szlachta Privileges
32:02 Forging
32:02 Scale Barding Armor
32:26 Cavalier
33:38 Bloodlines
34:42 Iron Casting
34:49 Husbandry
36:29 Blast Furnace
35:59 Chain Barding Armor
36:08 Conscription
36:26 Fletching
Connection lost

Rejoining the realm…

Still unreachable

The connection could not be restored.

Session expired

The server has moved on; the page needs a fresh start.